 Dungeon Crawl Stone Soup version 0.30-a0-989-g0d87f670db (webtiles) character file.

Game seed: 9512984834594095029

161 jasper the Poker (level 5, -5/40 HPs)
             Began as a Demonspawn Reaver on Apr 3, 2023.
             Slain by Crazy Yiuf
             ... wielding a +4 quarterstaff of chaos
              (6 damage)
             ... on level 2 of the Dungeon.
             The game lasted 00:03:12 (1840 turns).

jasper the Poker (Demonspawn Reaver)                Turns: 1840, Time: 00:03:13

Health: -5/40      AC:  7    Str: 12    XL:     5   Next: 19%
Magic:  8/8        EV: 11    Int: 16    God:
Gold:   51         SH:  0    Dex: 18    Spells: 4/8 levels left

rFire   . . .      SeeInvis .    i - +2 falchion (elec)
rCold   . . .      Faith    .    (no shield)
rNeg    . . .      Spirit   .    l - +0 ring mail
rPois   .          Reflect  .    (no helmet)
rElec   .          Rampage  .    (no cloak)
rCorr   .                        (no gloves)
Will    .....                    (no boots)
Stlth   +                        (no amulet)
HPRegen 0.26/turn                s - +6 ring of dexterity
MPRegen 0.11/turn                (no ring)

@: lethally poisoned (-5 -> -8)
A: hooves 1, icy blue scales 1, demonic magic 1
a: no special abilities


You were on level 2 of the Dungeon.
You visited 1 branch of the dungeon, and saw 2 of its levels.

You collected 51 gold pieces.

Inventory:

Hand Weapons
 a - a +0 spear
 i - a +2 falchion of electrocution (weapon)
Armour
 b - a +0 leather armour
 l - a +0 ring mail (worn)
Jewellery
 m - a ring of fire
 s - a +6 ring of dexterity (left hand)
Scrolls
 c - 6 scrolls of identify {unknown}
 e - 3 scrolls of enchant armour {unknown}
 g - a scroll of brand weapon {unknown}
 h - 2 scrolls of poison {unknown}
 n - a scroll of magic mapping {unknown}
 o - a scroll of immolation {unknown}
 p - a scroll of acquirement {unknown}
Potions
 d - a potion of lignification {unknown}
 f - 3 potions of haste {unknown}
 j - a potion of might {unknown}
 k - 2 potions of heal wounds {unknown}
 q - a potion of attraction {unknown}
 r - a potion of curing {unknown}


   Skills:
 + Level 2.8 Fighting
 * Level 3.9 Polearms
 + Level 1.6 Armour
 + Level 2.6 Dodging
 - Level 2.0 Spellcasting
 - Level 3.0 Conjurations
 * Level 1.2 Summonings


You had 4 spell levels left.
You knew the following spells:

 Your Spells              Type           Power      Damage    Failure   Level
a - Kiss of Death         Conj/Necr      24%        2d7       24%         1
b - Call Canine Familiar  Summ           5%         N/A       63%         3

Your spell library contained the following spells:

 Spells                   Type           Power      Damage    Failure   Level
 Momentum Strike          Conj/Tloc      12%        3d8       36%         2
 Hailstorm                Conj/Ice       6%         3d4       58%         3
 Portal Projectile        Hex/Tloc       2%         N/A       80%         3
 Tukima's Dance           Hex            1%         N/A       80%         3
 Leda's Liquefaction      Hex/Erth       0%         N/A       99%         4
 Blade Hands              Tmut           0%         N/A       100%        5


Dungeon Overview and Level Annotations

Branches:
Dungeon (2/15)

Altars:

Annotations:
D:2 Crazy Yiuf


Innate Abilities, Weirdness & Mutations

You have large cloven feet.
You are partially covered in icy blue scales. (AC +2)
Spells you cast may paralyse adjacent enemies.


Message History

There is a stone staircase leading down here.
You see here a +0 spear.
Crazy Yiuf says, "Ten turtle senile!"
Crazy Yiuf screams, "Defame toodlewoodle hog!"
Could not explore, unopened runed door.
You open the door. You hit Crazy Yiuf.
Crazy Yiuf is lightly wounded.
Crazy Yiuf misses you.
You hit Crazy Yiuf.
Crazy Yiuf is moderately wounded.
Crazy Yiuf hits you with a +4 quarterstaff of chaos.
Crazy Yiuf burns you.
You take 8 damage, and have 32/40 hp.
You closely miss Crazy Yiuf. Your kick misses Crazy Yiuf.
Crazy Yiuf is moderately wounded.
Crazy Yiuf hits you with a +4 quarterstaff of chaos.
You are poisoned.
Crazy Yiuf zaps a wand.
The puff of flame misses you.
You take 2 damage, and have 30/40 hp.
You barely miss Crazy Yiuf. Your kick misses Crazy Yiuf.
Crazy Yiuf is moderately wounded.
You feel very sick.
Crazy Yiuf hits you with a +4 quarterstaff of chaos.
Crazy Yiuf burns you.
You take 10 damage, and have 20/40 hp.
MASSIVE DAMAGE!!
You hit Crazy Yiuf. Your kick misses Crazy Yiuf.
Crazy Yiuf is heavily wounded.
You feel sick. Crazy Yiuf closely misses you.
You take 1 damage, and have 19/40 hp.
You closely miss Crazy Yiuf.
Crazy Yiuf is heavily wounded.
You feel sick.
Crazy Yiuf hits you with a +4 quarterstaff of chaos!
* * * LOW HITPOINT WARNING * * *
Crazy Yiuf burns you.
* * * LOW HITPOINT WARNING * * *
Crazy Yiuf grits, "Iron!"
Crazy Yiuf hits you with a +4 quarterstaff of chaos.
You die...

#....................#<
#..........#.........##
#..........#.#.........
###############.....###
##.##.... #....#.# ###
♣♣########.# #)..#♣♣
♣♣...........
#...g@♣♣♣♣......####.#
#...#♣..♣......## #.#
### ♣♣♣.♣....## #.#
♣♣♣♣♣### #.# #.# ###
#.# #.# #.# #.# #.#
#.#######.#


You could see Crazy Yiuf.

Vanquished Creatures
  9 adders (D:2)
  2 gnolls (D:1)
  2 worms (D:2)
  2 dart slugs
  9 ball pythons
  2 endoplasms
  4 giant cockroaches
  3 goblins
  2 hobgoblins
  7 jackals
  2 bats
  4 frilled lizards (D:1)
  5 kobolds
  3 rats
56 creatures vanquished.

Notes
Turn   | Place    | Note
-------+----------+-------------------------------------------
     0 | D:1      | jasper the Demonspawn Reaver began the quest for the Orb.
     0 | D:1      | Reached XP level 1. HP: 16/16 MP: 3/3
    11 | D:1      | Gained mutation: You are partially covered in icy blue
                  | scales. (AC +2) [demonic ancestry]
    11 | D:1      | Reached XP level 2. HP: 18/22 MP: 3/5
   315 | D:1      | Reached XP level 3. HP: 19/21 MP: 4/6
   443 | D:1      | Reached skill level 1 in Armour
   822 | D:2      | Found a runed translucent door.
   823 | D:2      | Noticed Crazy Yiuf
   912 | D:2      | Found a faded altar of an unknown god.
  1180 | D:2      | Gained mutation: You have large cloven feet. [demonic
                  | ancestry]
  1180 | D:2      | Reached XP level 4. HP: 30/31 MP: 7/7
  1270 | D:2      | Learned a level 3 spell: Call Canine Familiar
  1502 | D:2      | Reached skill level 1 in Summonings
  1502 | D:2      | Gained mutation: Spells you cast may paralyse adjacent
                  | enemies. [demonic ancestry]
  1502 | D:2      | Reached XP level 5. HP: 40/40 MP: 8/8
  1840 | D:2      | HP: 1/40 [Crazy Yiuf/+4 quarterstaff of chaos (5)]
  1840 | D:2      | Slain by Crazy Yiuf

Illustrated notes

Levels and vault maps discovered:
D:1:      scummos_arrival_hexagon, layout_basic, serial_curves, eino_curves_02,
          eino_curves_04
D:2:      layout_basic, nicolae_ecumenical_snake_handling, interstate_on_off,
          minmay_snake_closets, uniq_crazy_yiuf_cottage

Skill      XL: |  1  2  3  4 |
---------------+-------------+-----
Dodging        | 2 |  2.6
Polearms       | 3 |  3.9
Armour         | 1 |  1.6
Summonings     | 1 |  1.2
Fighting       | |  2.8
Spellcasting   | |  2.0
Conjurations   | |  3.0

Action                     |  1- 3 |  4- 6 || total
---------------------------+-------+-------++-------
  Melee: Spear             |    84 |       ||    84
         Falchion          |    40 |    62 ||   102
         Punch             |     1 |       ||     1
         Kick              |       |    14 ||    14
   Cast: Kiss of Death     |     3 |       ||     3
   Stab: Sleeping          |     1 |       ||     1
 Armour: Leather armour    |    45 |       ||    45
         Ring mail         |     2 |    26 ||    28
  Dodge: Dodged            |    92 |    41 ||   133

Table legend: (Time is in decaauts)
 A = Elapsed time spent in this place.
 B = Non-inter-level travel time spent in this place.
 C = Inter-level travel time spent in this place.
 D = Time resting spent in this place.
 E = Time spent auto-exploring this place.
 F = Levels seen in this place.
 G = Mean time per level.
                   A        B        C        D        E       F      G
               +--------+--------+--------+--------+--------+-----+--------+
         Total |   1865 |   1837 |     28 |     34 |   1335 |   2 |  932.5 |
       Dungeon |   1865 |   1837 |     28 |     34 |   1335 |   2 |  932.5 |
               +--------+--------+--------+--------+--------+-----+--------+

Top non-repeatable levels by time:
     D:2: 1168 daAuts
     D:1: 696 daAuts
